AoeStats
← geebo

Arabia

509795210Analyzed
1v1 RM · 3d ago on Sep 28, 2026· 41m 17s· 2 players
Game mode
Random Map
Map size
Tiny (2 player)
Population
200
Speed
Normal
Resources
Standard
Victory
Conquest
Starting age
Dark Age
Ending age
Imperial Age
RankedLock teamsTeams togetherTeam positionsShared explorationLock speedFull tech treeHidden civsTurbo modeCheats
Victory
Defeat
🇺🇸 Ethiopians · United States
963
+17
🇺🇸 Malay · United States
975
-17
Burgi53
13:55 Feudal Age
18:16 Castle Age
17:26 Double-Bit Axe
17:34 Gold Mining
17:29 Horse Collar
19:09 Crossbowman
20:26 Fletching
22:49 Bodkin Arrow
26:46 Elite Skirmisher
30:16 Wheelbarrow
30:46 Ballistics
35:45 Imperial Age
34:12 Thumb Ring
34:32 Padded Archer Armor
35:52 Arbalester
38:43 Siege Engineers
geebo
8:39 Loom
10:48 Feudal Age
10:42 Horse Collar
10:49 Double-Bit Axe
20:50 Castle Age
20:05 Fletching
21:17 Bow Saw
21:24 Crossbowman
22:06 Squires
22:26 Bodkin Arrow
24:00 Wheelbarrow
23:10 Town Watch
24:25 Padded Archer Armor
24:15 Pikeman
26:24 Man-at-Arms
31:02 Heavy Plow
37:20 Imperial Age
39:43 Elite Skirmisher
Connection lost

Rejoining the realm…

Still unreachable

The connection could not be restored.

Session expired

The server has moved on; the page needs a fresh start.